 Dungeon Crawl Stone Soup version 0.19-a0-1002-g674d22e (webtiles) character file.

31 mistymad the Skirmisher (level 3, 0/30 HPs)
             Began as a Formicid Abyssal Knight on July 18, 2016.
             Was a Follower of Lugonu.
             Succumbed to a kobold's poison
             ... on level 1 of the Dungeon.
             The game lasted 00:01:52 (1004 turns).

mistymad the Skirmisher (Formicid Abyssal Knight)   Turns: 1004, Time: 00:01:52

Health: 0/30       AC:  3    Str: 17    XL:     3   Next: 40%
Magic:  4/4        EV: 11    Int: 11    God:    Lugonu [*.....]
Gold:   37         SH:  0    Dex: 10    Spells: 0 memorised, 2 levels left

rFire  . . .     SeeInvis +     a - +1 hand axe
rCold  . . .     Gourm    .     b - +0 leather armour
rNeg   . . .     Faith    .     (no shield)
rPois  .         Spirit   .     (helmet unavailable)
rElec  .         Dismiss  .     (no cloak)
rCorr  .         Reflect  .     (no gloves)
SustAt .         Harm     .     (no boots)
MR     .....                    (no amulet)
Stlth  +.........               (no ring)
                                (no ring)

@: lethally poisoned (0 -> -11), not resistant to hostile enchantments, very
unstealthy
A: permanent stasis, dig shafts and tunnels, four strong arms, antennae 3
a: Dig, Shaft Self, Depart the Abyss, Renounce Religion


You were on level 1 of the Dungeon.
You worshipped Lugonu.
Lugonu was aware of your devotion.
You were not hungry.

You visited 1 branch of the dungeon, and saw 1 of its levels.
You visited the Abyss 1 time.

You collected 37 gold pieces.

Inventory:

Hand Weapons
 a - a +1 hand axe (weapon)
Armour
 b - a +0 leather armour (worn)
Scrolls
 e - a scroll of fog
 f - a scroll of teleportation {unknown}
 h - a scroll of identify {unknown}
Comestibles
 c - a bread ration
 d - 2 beef jerkies
 g - 2 fruits


   Skills:
 + Level 3.9 Fighting
 + Level 2.3 Axes
 + Level 2.9 Armour
 - Level 0.8 Dodging
 - Level 2.1 Invocations


You had 2 spell levels left.
You didn't know any spells.

Dungeon Overview and Level Annotations

Branches:
Dungeon (1/15)

Altars:


Innate Abilities, Weirdness & Mutations

You are under a permanent stasis effect.
You can dig through walls and to a lower floor.
Your four strong arms can wield two-handed weapons with a shield.
You have a pair of large antennae on your head. (SInv)


Message History

* * * LOW HITPOINT WARNING * * *
You feel sick.
You see here a stone.
You take 2 damage, and have 4/30 hp.
* * * LOW HITPOINT WARNING * * *
You feel sick.
You see here a stone.
You take 1 damage, and have 3/30 hp.
* * * LOW HITPOINT WARNING * * *
You feel sick.
You see here a stone.
You take 1 damage, and have 2/30 hp.
* * * LOW HITPOINT WARNING * * *
You feel sick.
* * * LOW HITPOINT WARNING * * *
You feel sick.
You take 1 damage, and have 1/30 hp.
As you read the scroll labeled NAWIPRODGHE, it crumbles to dust.
The scroll dissolves into smoke.
It was a scroll of fog.
You die...

#.##.>.# #......#
#####.# #.##.#.#
#.)....# ###.####
#.##.#.####......#
#......#
#.........#......#
#..###.#
#########.#..(...#
#..###.# #.#..((..#
#...##.# #.####§###
#.#.##.# #.#
#§#######.#.##.# #.#
#@§§...........# #.#
########.##.###### #.#
#.......#.####.. ######
#.######.####.........#
.....#
#....[...####....####.#
####.#
#######..........#.....
####.#
#..........##.##.#
..##.#
##.#.#####..##.##..
#.##.######
#.................#


There were no monsters in sight!

Vanquished Creatures
  An ooze (D:1)
  A dart slug (D:1)
  2 giant geckos (D:1)
  2 giant cockroaches (D:1)
  3 goblins (D:1)
  A hobgoblin (D:1)
  2 jackals (D:1)
  A bat (D:1)
  2 giant newts (D:1)
  5 kobolds (D:1)
  2 rats (D:1)
22 creatures vanquished.

Notes
Turn   | Place    | Note
-------+----------+-------------------------------------------
     0 | Abyss:1  | mistymad the Formicid Abyssal Knight began the quest for the Orb.
     0 | Abyss:1  | Reached XP level 1. HP: 18/18 MP: 2/2
    85 | Abyss:1  | Noticed a large abomination
    94 | Abyss:1  | Noticed a fire bat
    98 | D:1      | Escaped the Abyss
   358 | D:1      | Reached * piety under Lugonu
   440 | D:1      | Reached XP level 2. HP: 25/25 MP: 3/3
   539 | D:1      | Reached XP level 3. HP: 15/30 MP: 4/4
  1003 | D:1      | HP: 1/30 [poisoned by a kobold]
  1004 | D:1      | Succumbed to a kobold's poison

Vault maps used:
D:1:      roderic_crossed_star, hangedman_decor_peaks_small
Abyss:1:  evilmike_abyss_exit_plants

Action                   || total
-------------------------++-------
Melee: Hand axe          ||    93
Invok: Depart the Abyss  ||     1
  Use: Scroll            ||     1
Armor: Leather armour    ||    34
Dodge: Dodged            ||    67
